AoeStats
← JoeyDeez

MegaRandom

509761375Analyzed
2v2 RM · 4d ago on Sep 27, 2026· 33m 57s· 4 players
Game mode
Random Map
Map size
Medium (4 player)
Population
200
Speed
Normal
Resources
Standard
Victory
Conquest
Starting age
Dark Age
Ending age
Imperial Age
RankedLock teamsTeams togetherTeam positionsShared explorationLock speedFull tech treeHidden civsTurbo modeCheats
Victory
Defeat
🇬🇧 Portuguese · United Kingdom
772
+10
🇳🇱 Burgundians · Netherlands
582
+18
🇺🇸 Bengalis · United States
638
-14
🇺🇸 Slavs · United States
633
-14
PicPlaysGMEs
0:30 Loom
15:27 Feudal Age
15:54 Double-Bit Axe
15:52 Fishing Lines
16:50 Wheelbarrow
15:59 Horse Collar
21:41 Castle Age
20:07 Fletching
20:19 Scale Mail Armor
20:18 Arson
21:33 Man-at-Arms
25:56 Long Swordsman
26:21 Gambesons
26:37 Squires
Master Suknip
3:16 Loom
13:44 Feudal Age
13:51 Feudal Age
14:20 Horse Collar
14:32 Double-Bit Axe
19:37 Wheelbarrow
19:41 Stone Mining
19:42 Gold Mining
22:25 Forging
22:21 Scale Barding Armor
25:37 Castle Age
26:45 Light Cavalry
27:36 Bloodlines
27:27 Husbandry
27:38 Heavy Plow
29:09 Iron Casting
30:20 Chain Barding Armor
29:51 Fletching
JoeyDeez
7:16 Loom
11:33 Feudal Age
14:10 Double-Bit Axe
19:19 Castle Age
18:02 Horse Collar
23:13 Fletching
27:42 Bow Saw
30:38 Heavy Plow
31:17 Bodkin Arrow
33:09 Padded Archer Armor
smithy
6:37 Double-Bit Axe
9:38 Wheelbarrow
12:24 Loom
14:11 Feudal Age
14:11 Horse Collar
15:11 Hand Cart
15:30 Bow Saw
16:36 Heavy Plow
16:53 Gold Mining
18:34 Fishing Lines
18:57 Fletching
19:34 Gillnets
22:38 Castle Age
24:47 Two-Man Saw
24:20 Crop Rotation
26:22 Pikeman
33:56 Scale Mail Armor
Connection lost

Rejoining the realm…

Still unreachable

The connection could not be restored.

Session expired

The server has moved on; the page needs a fresh start.